 Dungeon Crawl Stone Soup version 0.19-a0-1682-g5114f93 (webtiles) character file.

644143 4thArraOfDagon the Wrestler (level 25, 0/236 HPs)
             Began as a Troll Wanderer on Sept 24, 2016.
             Was a Priest of Elyvilon.
             Engulfed by Lom Lobon's freezing vapour (18 damage)
             ... in Pandemonium.
             The game lasted 03:24:20 (26541 turns).

4thArraOfDagon the Wrestler (Troll Wanderer)       Turns: 26541, Time: 03:24:21

Health: 0/236      AC: 11    Str: 31    XL:     25   Next: 20%
Magic:  21/38      EV: 14    Int: 22    God:    Elyvilon [***...]
Gold:   1690       SH:  0    Dex:  9    Spells: 5 memorised, 27 levels left

rFire  + + .     SeeInvis .       - Unarmed
rCold  . . .     Gourm    +     I - +1 robe of Xoibenk Wall {rElec Regen+ Str+4 Slay+2}
rNeg   + . .     Faith    +     (no shield)
rPois  .         Spirit   .     a - +2 hat {MR+}
rElec  +         Dismiss  .     J - +2 cloak {+Inv}
rCorr  .         Reflect  .     (gloves unavailable)
MR     ++...     Harm     .     (boots unavailable)
Stlth  ++........               f - amulet of Xom's Fair Game {Faith rElec rN+}
                                z - ring "Xulimuto" {Wiz rF+}
                                u - ring "Nacirram" {rF+ Int+6 Stlth+}

@: lethally poisoned (0 -> 0), about to teleport, very slightly contaminated,
studying Evocations
A: unfitting armour, claws 3, blurry vision 2, deformed body, deterioration 1,
fast metabolism 3, gourmand, regeneration 1, shaggy fur 1, tough skin 2
a: Lesser Healing, Heal Other, Purification, Divine Protection, Renounce
Religion, Evoke Invisibility
}: 7/15 runes: barnacled, slimy, silver, golden, demonic, magical, gossamer


You were in Pandemonium.
You worshipped Elyvilon.
Elyvilon was most pleased with you.
You were not hungry.

You visited 12 branches of the dungeon, and saw 55 of its levels.
You visited Pandemonium 2 times, and saw 6 of its levels.
You visited the Abyss 1 time.
You visited 1 ziggurat, and saw 10 of its levels.
You also visited: Labyrinth, Bailey, Ice Cave and Volcano.

You collected 5364 gold pieces.
You spent 3674 gold pieces at shops.

Inventory:

Hand Weapons
 w - the +4 dagger "Xidoim" {pierce, Int+4}
   (You found it on level 8 of the Dungeon)

   It inflicts extra damage upon your enemies.
   It affects your intelligence (+4).
Missiles
 q - 4 throwing nets
 Q - 43 large rocks (quivered)
Armour
 a - a +2 hat of magic resistance (worn)
 i - the -3 shield of Entitlement {rC+}
   (You found it on level 5 of the Vaults)

   It protects you from cold.
 I - the +1 robe of Xoibenk Wall (worn) {rElec Regen+ Str+4 Slay+2}
   (You bought it in a shop on level 7 of the Dungeon)

   It affects your strength (+4).
   It affects your accuracy and damage with ranged weapons and melee attacks
   (+2).
   It insulates you from electricity.
   It increases your rate of regeneration.
 J - a +2 cloak of invisibility (worn)
 U - the +3 troll leather armour of Guczoxta {+Fly rN+ Regen+ rCorr Int-3}
   (You found it on level 8 of a ziggurat)

   It affects your intelligence (-3).
   It protects you from negative energy.
   It lets you fly.
   It increases your rate of regeneration.
   It protects you from acid and corrosion.
Jewellery
 f - the amulet of Xom's Fair Game (around neck) {Faith rElec rN+}
   (You found it on level 4 of a ziggurat)

   [amulet of faith]

   It allows you to gain divine favour quickly.
   It insulates you from electricity.
   It protects you from negative energy.
 l - an uncursed ring of protection from magic
 u - the ring "Nacirram" (left claw) {rF+ Int+6 Stlth+}
   (You found it on level 5 of the Pits of Slime)

   [ring of stealth]

   It affects your intelligence (+6).
   It protects you from fire.
   It makes you more stealthy.
 z - the ring "Xulimuto" (right claw) {Wiz rF+}
   (You bought it in a shop on level 3 of the Elven Halls)

   [ring of wizardry]

   It improves your spell success rate.
   It protects you from fire.
 G - an uncursed ring of protection from cold
 M - the ring "Ytueck" {Fire rPois MR- Str+6 Stlth+}
   (You found it on level 10 of a ziggurat)

   [ring of fire]

   It enhances your fire magic.
   It affects your strength (+6).
   It protects you from fire.
   It makes you vulnerable to cold.
   It protects you from poison.
   It affects your resistance to hostile enchantments.
   It makes you more stealthy.
 V - an uncursed ring of positive energy
 W - an uncursed ring of protection from fire
Wands
 j - a wand of polymorph (18/24)
 y - a wand of teleportation (2/9)
 B - a wand of disintegration (0/24)
 C - a wand of hasting (2/9)
 P - a wand of digging (5/24)
Scrolls
 h - a scroll of magic mapping
 k - a scroll of fear
 m - 4 scrolls of remove curse
 p - 2 scrolls of teleportation
 r - 2 scrolls of recharging
 s - a scroll of identify
 D - 3 scrolls of silence
 K - 2 scrolls of summoning
 Z - 2 scrolls of holy word
Potions
 g - 5 potions of flight
 n - 2 potions of resistance
 o - 4 potions of agility
 t - a potion of brilliance
 v - a potion of magic
 x - 6 potions of ambrosia
 L - 2 potions of cure mutation
 N - a potion of might
 R - 2 potions of invisibility
 S - 3 potions of berserk rage
 T - 4 potions of cancellation
 X - a potion of mutation
Books
 e - a manual of Evocations
Miscellaneous
 b - 2 phantom mirrors
 E - a figurine of a ziggurat
 F - a fan of gales
 H - a lamp of fire
 O - 3 boxes of beasts
 Y - a phial of floods (inert)
Comestibles
 d - 8 bread rations
 A - 15 meat rations


   Skills:
 - Level 11.3 Fighting
   Level 1.0 Axes
 - Level 10.1 Dodging
 - Level 21.0 Unarmed Combat
 - Level 12.0 Spellcasting
 * Level 17.9 Translocations
 - Level 9.7 Transmutations
 - Level 11.8 Earth Magic
 - Level 14.2 Invocations
 - Level 5.3 Evocations


You had 27 spell levels left.
You knew the following spells:

 Your Spells              Type           Power        Failure   Level  Hunger
a - Statue Form           Tmut/Erth      ######...    4%          6    #####..
b - Apportation           Tloc           #######...   0%          1    None
c - Blink                 Tloc           N/A          0%          2    None
d - Passage of Golubria   Tloc           N/A          1%          4    None
e - Controlled Blink      Tloc           N/A          10%         8    #######


Dungeon Overview and Level Annotations

Branches:
Dungeon (15/15)            Temple (1/1) D:7            Lair (6/6) D:9
 Shoals (4/4) Lair:4       Spider (4/4) Lair:3        Slime (5/5) Lair:6
    Orc (2/2) D:11            Elf (3/3) Orc:2        Vaults (5/5) D:13
  Crypt (3/3) Vaults:3       Tomb (3/3) Crypt:3      Depths (4/5) D:15

Altars:
Dithmenos
Elyvilon
Gozag
Hepliaklqana
Kikubaaqudgha
Makhleb
Nemelex Xobeh
Okawaru
Ru
Sif Muna
Trog
Uskayaw
Xom
Zin
The Shining One
Beogh

Shops:
D:5 *   D:7 [=*[   Orc:1 !   Orc:2 :*[(   Elf:3 =   Vaults:1 %(   Vaults:4 }
Depths:1 =*

Portals:
Hell: Depths:3
Abyss: Depths:3
Pandemonium: Depths:3

Annotations:
D:4 Potsanchik's ghost, amateur DEGl
D:8 1 runed door
D:9 LAIR
Spider:3 Mara
Elf:2 exclusion: Roxanne, Roxanne
Pan Lom Lobon


Innate Abilities, Weirdness & Mutations

You are too large for most types of armour.
You have claws for hands.
Your metabolism is lightning-fast.
You like to eat raw meat.
Your natural rate of healing is unusually fast.
You are covered in fur. (AC +1)
You have very tough skin. (AC +2)
Scrolls take you longer to read.
Armour fits poorly on your strangely shaped body.
Your body sometimes deteriorates upon taking damage.


Message History

You feel strangely unstable.
This wand has 2 charges left.
You are engulfed in freezing vapours.
* * * LOW HITPOINT WARNING * * *
You feel sick.
Unknown command.
Unknown command.
Okay, then.
Unknown command.
You are healed.
You feel somewhat more hungry.
You can no longer provide greater healing for yourself.
You are engulfed in freezing vapours.
* * * LOW HITPOINT WARNING * * *
Unknown command.
Okay, then.
Unknown command.
You pick up the magical rune and feel its power.
You now have 7 runes.
Press } to see all the runes you have collected.
You are engulfed in freezing vapours.
You die...

..§§§§........ ####
.§§§§§.....#
##≈≈≈##§§§§§.§..#
##≈≈≈≈§#§&§§§....#
##≈≈≈≈≈§§§§§§.....≈≈≈
#≈≈≈≈≈≈§§§##...##≈.≈≈≈
≈≈≈###§§§§##.# ≈≈.##
##§+#≈≈≈≈#. ≈≈#p.
#§@§#≈≈≈≈#. ≈#..
##§##≈≈≈≈#. ≈# .
###≈≈≈≈## ≈≈≈## ≈≈##
##


There were no monsters in sight!

Vanquished Creatures
  the Royal Jelly (Slime:5)
  Khufu (Tomb:3)
  3 ancient liches
  Boris (Crypt:2)
  12 greater mummies
  A pandemonium lord (Zig:2)
  A golden dragon (Vaults:5)
  Jory (Tomb:3)
  4 Tzitzimimeh (Pan)
  Jorgrun (Tomb:3)
  4 liches
  6 tentacled monstrosities
  2 quicksilver dragons (Vaults:5)
  A quicksilver dragon (shapeshifter) (Zig:1)
  The ghost of Television the Black Belt, an adept DsMo of Cheibriados (Vaults:1)
  2 titans (Vaults:5)
  4 deep elf blademasters (Elf:3)
  15 acid blobs
  3 deep elf master archers (Elf:3)
  A tentacled starspawn (Abyss:2)
  4 Executioners (Pan)
  8 ancient champions
  An eldritch tentacle (Zig:2)
  13 sphinxes
  Gastronok (Lair:3)
  A draconian monk (Zig:8)
  2 shadow dragons (Vaults:5)
  3 storm dragons
  4 revenants
  A greater naga (Zig:3)
  2 tengu reavers (Vaults:5)
  7 fire giants
  The ghost of tstbtto the Warrior, a journeyman MiFi of Gozag (Orc:2)
  4 azure jellies
  4 frost giants
  11 deep elf sorcerers
  An orc warlord (Orc:2)
  9 vault wardens
  2 curse skulls (Crypt:3)
  5 ghost moths
  A caustic shrike zombie (Crypt:3)
  5 cacodemons
  A war gargoyle (Vaults:5)
  6 emperor scorpions
  9 ironheart preservers
  2 reapers
  A ghoul (Vaults:4)
  8 deep elf elementalists
  20 stone giants
  6 very ugly things
  4 caustic shrike skeletons (Crypt:3)
  2 lorocyprocas (Pan)
  A blood saint (Pan)
  2 vampire knights
  2 bennus (Tomb:2)
  2 entropy weavers
  A purple draconian (Zig:8)
  13 deep elf annihilators
  A mottled draconian (Zig:8)
  A black sun (Pan)
  2 chaos champions (Pan)
  10 deep elf demonologists
  2 spark wasps
  2 blizzard demons (Pan)
  9 ettins
  A green death (Pan)
  13 mummy priests
  3 merfolk javelineers (Shoals:4)
  13 deep elf death magi
  4 death oozes
  5 fire dragons
  9 deep elf high priests
  A minotaur (Lab)
  11 merfolk impalers
  7 great orbs of eyes
  8 jiangshi
  12 yaktaur captains
  5 ice dragons
  5 rakshasas
  A hydra (Zig:7)
  A spriggan air mage (Depths:1)
  A hell beast (Pan)
  23 vault guards
  A juggernaut simulacrum (Pan)
  An alligator snapping turtle (Shoals:4)
  Erica (D:10)
  7 centaur warriors
  A merfolk aquamancer (Shoals:4)
  A merfolk avatar (Zig:4)
  4 death knights
  8 death yaks
  58 death scarabs
  6 vampire magi
  A satyr (Shoals:4)
  9 ogre magi
  12 dancing weapons
  5 orc high priests
  An alligator (Zig:7)
  2 tengu warriors
  5 deep troll shamans
  3 deep troll earth magi
  A titan zombie (Tomb:3)
  12 deep elf knights
  5 sun demons (Pan)
  An iron troll (Depths:2)
  2 shadow wraiths
  9 soul eaters
  21 skeletal warriors
  A spatial maelstrom (Abyss:2)
  4 titan skeletons (Crypt:3)
  A storm dragon skeleton (Crypt:2)
  4 flayed ghosts
  6 sixfirhies
  A quicksilver dragon simulacrum (Crypt:1)
  A shadow demon (Tomb:2)
  An unseen horror (D:13)
  9 deep trolls
  A spriggan druid (Zig:9)
  6 sea snakes
  A shadow dragon zombie (Crypt:3)
  A swamp dragon (shapeshifter) (Depths:1)
  2 shambling mangroves (Zig:7)
  A deep troll (shapeshifter) (Elf:1)
  14 ironbrand convokers
  A hill giant (shapeshifter) (Elf:2)
  A glowing orange brain (Vaults:2)
  A putrid demonspawn (Pan)
  7 large abominations
  3 wizards
  5 phantasmal warriors
  2 golden dragon skeletons
  2 swamp dragons (Zig:7)
  A lindwurm (Lair:6)
  12 orc knights
  4 hill giants
  A wolf spider zombie (Crypt:3)
  19 harpies
  A sphinx zombie (Crypt:3)
  18 wolf spiders
  8 hornets
  An oklob plant (Shoals:2)
  10 orc sorcerers
  2 orb spiders (Spider:4)
  A shadow dragon skeleton (Crypt:1)
  An anaconda skeleton (Crypt:3)
  16 deep elf archers
  2 necromancers
  10 ugly things
  A mana viper (Zig:3)
  A faun (Shoals:4)
  49 deep elf magi
  2 shining eyes (Slime:4)
  3 cyclopes
  2 manticores (shapeshifter)
  5 elephants (Lair:6)
  2 sirens (Shoals:4)
  6 manticores
  A stone giant skeleton (Crypt:3)
  A moth of wrath (Spider:4)
  A water nymph (Shoals:4)
  An iron dragon skeleton (Crypt:3)
  A frost giant skeleton (Crypt:3)
  2 ice statues (IceCv)
  6 black mambas
  3 rust devils
  2 molten gargoyles (Volcano)
  2 naga magi
  4 torpor snails
  9 vault sentinels
  A smoke demon (Pan)
  4 eyes of devastation
  7 orange demons (Pan)
  A shock serpent skeleton (Crypt:3)
  A gargoyle (D:12)
  A hellion (Pan)
  A centaur skeleton (D:14)
  6 spiny frogs
  A dire elephant skeleton (Crypt:3)
  A rime drake (shapeshifter) (Vaults:1)
  An emperor scorpion zombie (Tomb:1)
  43 yaktaurs
  2 hellwings
  A yaktaur (shapeshifter) (D:13)
  4 komodo dragons (Lair:6)
  A komodo dragon (shapeshifter) (Depths:2)
  3 rime drakes
  An efreet (D:14)
  A kobold demonologist (D:10)
  3 demonic crawlers
  25 guardian mummies
  3 small abominations
  An ancient zyme (Abyss:2)
  4 freezing wraiths
  11 merfolk
  3 tormentors
  10 trolls
  3 ice devils
  13 jumping spiders
  A tengu conjurer (D:14)
  9 polar bears
  2 red draconian skeletons
  A troll (shapeshifter) (Vaults:5)
  2 tyrant leeches
  A wind drake (shapeshifter) (Vaults:5)
  A meliai (shapeshifter) (Depths:2)
  A wind drake (Shoals:4)
  A two-headed ogre (shapeshifter) (Vaults:4)
  8 raiju
  13 two-headed ogres
  16 hippogriffs
  A sphinx simulacrum (Vaults:3)
  8 blink frogs
  A harpy skeleton (Crypt:3)
  42 slime creatures
  A snapping turtle (Shoals:3)
  2 dream sheep (Lair:6)
  2 ettin zombies
  10 water elementals
  25 flying skulls
  A spriggan (shapeshifter) (Vaults:4)
  10 ushabtiu
  A satyr skeleton (Crypt:3)
  10 starcursed masses (Abyss:2)
  6 wraiths
  A vampire (D:14)
  36 redbacks
  3 air elementals
  16 tarantellas
  A wyvern (Lair:5)
  An ice dragon skeleton (Crypt:1)
  10 yaks (Lair:6)
  A yak (shapeshifter) (Depths:2)
  4 shadows
  Grum (D:11)
  6 ynoxinuls
  2 fire bats
  3 fire elementals
  5 vampire mosquitoes
  2 black mamba skeletons (Crypt:3)
  3 basilisks
  4 hungry ghosts
  2 steam dragons
  2 chaos spawn (Pan)
  4 mottled dragons
  10 wargs
  4 spatial vortices (Abyss:2)
  2 soldier ants (shapeshifter)
  A swamp worm (Lair:6)
  A spiny frog zombie (Crypt:3)
  A monstrous demonspawn skeleton (Crypt:1)
  6 water moccasins
  11 hell hounds
  A merfolk skeleton (Crypt:2)
  5 porcupines
  A swamp drake (Zig:7)
  19 ice beasts
  3 sky beasts
  An elephant zombie (Crypt:2)
  An eye of draining (shapeshifter) (Vaults:2)
  An ice beast (shapeshifter) (Vaults:5)
  14 black bears
  An ice dragon simulacrum (Vaults:1)
  46 orc warriors
  3 phantoms
  6 eyes of draining
  2 necrophages (D:8)
  2 wasps (Zig:7)
  30 ogres
  13 centaurs
  16 wolves
  A manticore skeleton (Crypt:3)
  2 snapping turtle skeletons
  The ghost of HungrySpirit the Sneak, an amateur OpAs (D:3)
  9 crocodiles
  20 big kobolds (D:10)
  10 bullfrogs
  An earth elemental (Zig:6)
  2 wyvern zombies
  2 gnoll sergeants
  A hell hound skeleton (Crypt:3)
  3 wyvern skeletons
  A troll zombie (Crypt:2)
  2 scorpions
  A killer bee (shapeshifter) (D:15)
  A spriggan skeleton (Crypt:3)
  21 wights
  An electric eel (Lair:2)
  9 howler monkeys
  5 crimson imps
  3 lava snakes (Volcano)
  A centaur zombie (D:10)
  18 hounds
  Crazy Yiuf (D:5)
  4 bullfrog zombies
  8 jellies
  2 quasits
  25 orc priests
  3 bullfrog skeletons
  23 orc wizards
  7 iguanas
  A lightning spire (Zig:6)
  13 worker ants
  5 hell rats (Lair:5)
  A sky beast zombie (Crypt:2)
  An ogre skeleton (Crypt:1)
  A deep dwarf skeleton (Crypt:1)
  31 mummies
  9 gnolls
  A howler monkey skeleton (D:11)
  A worker ant zombie (D:8)
  5 adders
  8 river rats
  2 shadow imps
  3 white imps (D:15)
  2 ufetubi
  An ooze (Lair:6)
  2 adder zombies
  A worm zombie (Crypt:2)
  A worm (shapeshifter) (Vaults:5)
  A dart slug (D:2)
  A dart slug (shapeshifter) (Vaults:5)
  2 leopard geckos (D:5)
  64 orcs
  8 bats
  3 giant cockroaches
  8 goblins
  4 hobgoblins
  13 jackals
  2 quokkas
  A ball python (D:1)
  A frilled lizard (D:1)
  11 kobolds
  An orc skeleton (Tomb:3)
  6 rats
  A rat zombie (Crypt:2)
  8 crawling corpses (Elf:3)
  2 fungi
  2 plants (Lair:6)
  A starspawn tentacle (Abyss:2)
  A withered plant (Crypt:3)
1908 creatures vanquished.

Vanquished Creatures (collateral kills)
  A death ooze (Slime:5)
  A great orb of eyes (Slime:5)
2 creatures vanquished.

Vanquished Creatures (others)
  A revenant (Tomb:2)
  A stone giant (Vaults:4)
  A hydra (Lair:6)
  24 death scarabs
  A deep elf knight (Elf:3)
  A skeletal warrior (Tomb:2)
  An oklob plant (Zig:10)
  An orb spider (Spider:4)
  A hornet (Zig:7)
  A frost giant skeleton (Tomb:2)
  A smoke demon (Pan)
  A fire giant skeleton (Tomb:2)
  A komodo dragon (Lair:6)
  A yaktaur (Vaults:5)
  A guardian mummy (Tomb:2)
  2 two-headed ogres (Depths:2)
  A tyrant leech (Lair:6)
  24 flying skulls
  An ice dragon skeleton (Tomb:3)
  A fire elemental (Zig:6)
  2 ogres (Depths:2)
  A howler monkey (D:10)
  5 wights (D:10)
  3 mummies (Tomb:2)
  A kobold (Bailey)
  26 bushes (Depths:1)
  2 fungi
  8 plants
  3 starspawn tentacles (Abyss:2)
118 creatures vanquished.

Grand Total: 2028 creatures vanquished

Notes
Turn   | Place    | Note
-------+----------+-------------------------------------------
     0 | D:1      | 4thArraOfDagon the Troll Wanderer began the quest for the Orb.
     0 | D:1      | 4thArraOfDagon set off with: a +2 hand axe, 2 scrolls of teleportation, a +0 robe, 2 bread rations
     0 | D:1      | Reached XP level 1. HP: 26/26 MP: 1/1
    40 | D:1      | Reached skill level 5 in Fighting
    73 | D:1      | Reached skill level 1 in Unarmed Combat
   191 | D:2      | Reached XP level 2. HP: 27/35 MP: 2/2
   243 | D:2      | Reached skill level 2 in Unarmed Combat
   321 | D:3      | Reached XP level 3. HP: 39/42 MP: 3/3
   364 | D:3      | Reached skill level 3 in Unarmed Combat
   379 | D:3      | Reached XP level 4. HP: 48/50 MP: 4/4
   400 | D:3      | Noticed HungrySpirit's ghost (amateur OpAs)
   403 | D:3      | Reached skill level 4 in Unarmed Combat
   418 | D:3      | Killed HungrySpirit's ghost
   418 | D:3      | Reached skill level 5 in Unarmed Combat
   418 | D:3      | Reached XP level 5. HP: 57/57 MP: 5/5
   632 | D:3      | so long
   634 | D:4      | ctrlq
   656 | D:5      | Entered Level 5 of the Dungeon
   672 | D:5      | Found Keduam's Assorted Antiques.
   698 | D:5      | Bought a scroll labeled PICARE IFIU for 21 gold pieces
   698 | D:5      | Bought a scroll labeled PICARE IFIU for 21 gold pieces
   698 | D:5      | Bought a scroll labeled XESAUSETI for 21 gold pieces
   733 | D:5      | Reached skill level 6 in Unarmed Combat
   733 | D:5      | Reached XP level 6. HP: 57/66 MP: 6/6
   803 | D:4      | Noticed Potsanchik's ghost (amateur DEGl)
   921 | D:5      | Found a runed door.
   925 | D:5      | Noticed Crazy Yiuf
   942 | D:5      | Killed Crazy Yiuf
  1064 | D:7      | Found a staircase to the Ecumenical Temple.
  1070 | Temple   | Entered the Ecumenical Temple
  1103 | Temple   | Became a worshipper of Elyvilon the Healer
  1274 | D:6      | Reached skill level 7 in Unarmed Combat
  1342 | D:6      | Reached XP level 7. HP: 72/72 MP: 7/7
  1402 | D:7      | Found Reamy's Armour Boutique.
  1428 | D:7      | Found Ukesch's Distillery.
  1431 | D:7      | Bought a potion of lignification for 33 gold pieces
  1439 | D:7      | Found Uruw's Jewellery Boutique.
  1453 | D:7      | Reached * piety under Elyvilon
  1453 | D:7      | Found Fumivvi's Antique Armour Shop.
  1495 | D:7      | Reached skill level 8 in Unarmed Combat
  1533 | D:7      | Found Huironin's Assorted Antiques.
  1685 | D:8      | Noticed a hippogriff
  1702 | D:8      | Reached skill level 9 in Unarmed Combat
  1708 | D:8      | Killed a hippogriff
  1708 | D:8      | Reached XP level 8. HP: 80/80 MP: 8/8
  1793 | D:8      | Noticed a hippogriff
  1798 | D:8      | Reached skill level 1 in Invocations
  1804 | D:8      | Killed a hippogriff
  1804 | D:8      | Reached skill level 10 in Unarmed Combat
  1848 | D:8      | Got a translucent dagger
  1911 | D:8      | Reached XP level 9. HP: 85/85 MP: 10/10
  1920 | D:8      | Reached skill level 11 in Unarmed Combat
  2027 | D:9      | Reached ** piety under Elyvilon
  2105 | D:9      | Found a staircase to the Lair.
  2331 | D:10     | Entered Level 10 of the Dungeon
  2458 | D:10     | Noticed a kobold demonologist
  2466 | D:10     | Noticed a red devil
  2466 | D:10     | Killed a kobold demonologist
  2467 | D:10     | Reached skill level 12 in Unarmed Combat
  2520 | D:10     | Reached skill level 5 in Invocations
  2548 | D:10     | Reached XP level 10. HP: 62/93 MP: 12/12
  2650 | D:9      | Reached *** piety under Elyvilon
  2680 | D:10     | Reached skill level 13 in Unarmed Combat
  3083 | D:10     | Noticed Erica
  3132 | D:11     | Found a staircase to the Orcish Mines.
  3145 | Orc:1    | Entered Level 1 of the Orcish Mines
  3145 | Orc:1    | Found Ipal's Distillery.
  3250 | Orc:1    | Noticed an orc knight
  3310 | Orc:1    | Killed an orc knight
  3342 | Orc:1    | Noticed an orc sorcerer
  3362 | Orc:1    | Killed an orc sorcerer
  3362 | Orc:1    | Reached skill level 14 in Unarmed Combat
  3447 | Orc:1    | Noticed an orc sorcerer
  3447 | Orc:1    | Paralysed by an orc sorcerer for 4 turns
  3450 | Orc:1    | Noticed a rust devil
  3456 | Orc:1    | Killed an orc sorcerer
  3566 | D:8      | Found a runed door.
  3567 | D:8      | Noticed a sixfirhy
  3682 | D:7      | Bought a brightly glowing robe for 136 gold pieces
  3682 | D:7      | Bought an ancient robe for 136 gold pieces
  3754 | D:5      | Bought a runed cloak for 94 gold pieces
  3838 | D:5      | Identified the +2 robe "Orahaid" {rF+} (You bought it in a shop on level 7 of the Dungeon)
  3848 | D:5      | Identified the +1 robe of Xoibenk Wall {rElec Regen+ Str+4 Slay+2} (You bought it in a shop on level 7 of the Dungeon)
  3999 | D:11     | Reached **** piety under Elyvilon
  4006 | D:11     | Found an ancient bone altar of Kikubaaqudgha.
  4025 | D:11     | Gained mutation: You are dopey. (Int -2) [mutagenic meat]
  4032 | D:11     | Gained mutation: You tend to lose your temper in combat. [mutagenic meat]
  4035 | D:11     | Gained mutation: You have a somewhat thin skeletal structure. (Dex +2, Stealth) [mutagenic meat]
  4038 | D:11     | Gained mutation: Your flesh is cold resistant. (rC+) [mutagenic meat]
  4041 | D:11     | Lost mutation: You tend to lose your temper in combat. [mutagenic meat]
  4044 | D:11     | Lost mutation: You are dopey. (Int -2) [mutagenic meat]
  4115 | D:11     | Reached XP level 11. HP: 101/101 MP: 15/15
  4124 | D:11     | Noticed a storm dragon
  4145 | D:11     | Killed a storm dragon
  4148 | D:11     | Identified the +4 dagger "Xidoim" {pierce, Int+4} (You found it on level 8 of the Dungeon)
  4497 | D:13     | Noticed a hill giant
  4508 | D:13     | Killed a hill giant
  4532 | D:13     | Noticed a deep elf mage
  4539 | D:13     | Killed a deep elf mage
  4671 | D:13     | Noticed a vault guard
  4694 | D:13     | Killed a vault guard
  4696 | D:13     | Noticed a centaur warrior
  4703 | D:13     | Killed a centaur warrior
  4710 | D:13     | Noticed a cyan ugly thing
  4714 | D:13     | Noticed a centaur warrior
  4714 | D:13     | Pacified a cyan ugly thing
  4722 | D:13     | Killed a centaur warrior
  4751 | D:13     | Found a gate to the Vaults.
  4773 | D:13     | Killed an unseen horror
  4773 | D:13     | Reached skill level 5 in Dodging
  4775 | D:13     | Reached XP level 12. HP: 80/115 MP: 17/17
  4803 | D:13     | Found a flagged portal.
  4815 | Bailey   | Entered a bailey
  4906 | Bailey   | Found a bloodstained altar of Trog.
  5265 | D:14     | Found a shadowy altar of Dithmenos.
  5322 | D:15     | Entered Level 15 of the Dungeon
  5325 | D:15     | Noticed a centaur warrior
  5333 | D:15     | Killed a centaur warrior
  5350 | D:15     | Noticed an ogre mage
  5357 | D:15     | Killed an ogre mage
  5484 | D:15     | Noticed a death knight
  5506 | D:15     | HP: 1/116 [death knight/morningstar (33)]
  5507 | D:15     | Elyvilon protects you from harm!
  5510 | D:15     | Noticed a centaur warrior
  5576 | D:15     | Killed a centaur warrior
  5610 | D:15     | Reached skill level 10 in Invocations
  5663 | D:15     | Found a frozen archway.
  5686 | IceCv    | Entered an ice cave
  5834 | IceCv    | Noticed an ice dragon
  5834 | IceCv    | Noticed an ice dragon
  5845 | IceCv    | Killed an ice dragon
  5848 | IceCv    | Killed an ice dragon
  5848 | IceCv    | Reached XP level 13. HP: 68/127 MP: 19/19
  6512 | Orc:2    | Entered Level 2 of the Orcish Mines
  6512 | Orc:2    | Noticed tstbtto's ghost (journeyman MiFi)
  6701 | Orc:2    | Found a staircase to the Elven Halls.
  6782 | Orc:2    | Reached skill level 15 in Unarmed Combat
  6820 | Orc:1    | Found a roughly hewn altar of Beogh.
  7062 | Orc:2    | Noticed an orc warlord
  7080 | Orc:2    | Killed an orc warlord
  7195 | Orc:2    | Reached skill level 1 in Spellcasting
  7611 | Orc:2    | Found Isilol's Antique Armour Shop.
  7614 | Orc:2    | Found Sinoezxikk's Antique Weapon Boutique.
  7619 | Orc:2    | Paralysed by an orc sorcerer for 5 turns
  7634 | Orc:2    | HP: 5/131 [orc warrior/war axe (8)]
  7768 | Orc:2    | Found Arisayd's General Store.
  7771 | Orc:2    | Found Isukhlie's Book Shop.
  7778 | Orc:2    | Bought an ominously black robe for 148 gold pieces
  7789 | Orc:2    | Bought a book of the Earth for 780 gold pieces
  7796 | Orc:2    | Learned a level 6 spell: Statue Form
  7797 | Orc:2    | Bought 2 potions of cancellation for 224 gold pieces
  7839 | Orc:2    | Identified the +2 robe of Pofuh {+Fly MP+9} (You bought it in a shop on level 2 of the Orcish Mines)
  7905 | Orc:1    | Bought a potion of resistance for 130 gold pieces
  7905 | Orc:1    | Bought 2 potions of agility for 104 gold pieces
  7905 | Orc:1    | Bought a potion of curing for 39 gold pieces
  7905 | Orc:1    | Bought a potion of heal wounds for 65 gold pieces
  7905 | Orc:1    | Bought a potion of curing for 39 gold pieces
  7941 | D:10     | Killed Erica
  7967 | D:9      | Reached skill level 1 in Earth Magic
  8034 | Lair:1   | Entered Level 1 of the Lair of Beasts
  8102 | Lair:2   | Reached skill level 1 in Transmutations
  8309 | Lair:2   | Found a dark tunnel.
  8315 | Volcano  | Entered a volcano
  8407 | Volcano  | Found a radiant altar of Vehumet.
  8449 | Volcano  | Reached XP level 14. HP: 113/140 MP: 20/20
  8497 | Lair:3   | Noticed Gastronok
  8589 | Lair:3   | Killed Gastronok
  8725 | Lair:4   | Found a labyrinth entrance.
  8734 | Lab      | Entered a labyrinth
  8883 | Lab      | timbw: healer troll
  8941 | Lab      | timbw: my god
  8941 | Lab      | timbw: what is that tile
  8941 | Lab      | timbw: new executioner_
  8941 | Lab      | timbw: it looks terryfing
  8941 | Lab      | 4thArraOfDagon: isnt that horrible
  8941 | Lab      | 4thArraOfDagon: yea
  8941 | Lab      | 4thArraOfDagon: its gross as f
  8957 | Lab      | Got a dazzling shield
  8963 | Lab      | Identified the +2 shield "Pody" {rElec} (You took it off a minotaur in a labyrinth)
  8972 | Lab      | timbw: its funny though
  8972 | Lab      | timbw: executioners are so bad
  8983 | Lair:4   | timbw: they are meant to be this bad-ass enemy but they arent
  8996 | Lair:4   | 4thArraOfDagon: yea
  8996 | Lair:4   | timbw: the dmg is so low decent ac char can almost ignore them
  8996 | Lair:4   | 4thArraOfDagon: along with soul eaters
  8996 | Lair:4   | 4thArraOfDagon: did you see their new tiles
  9008 | Lair:4   | timbw: nah
  9033 | Lair:4   | 4thArraOfDagon: sec
  9033 | Lair:4   | 4thArraOfDagon: cant find it
  9033 | Lair:4   | timbw: ull just have to reach extended then :>
  9045 | Lair:4   | Reached ***** piety under Elyvilon
  9047 | Lair:4   | 4thArraOfDagon: fine
  9047 | Lair:4   | Gained mutation: Your flesh is very cold resistant. (rC++) [potion of beneficial mutation]
  9048 | Lair:4   | Gained mutation: You have a pair of small horns on your head. [potion of beneficial mutation]
  9114 | Lair:4   | Found a staircase to the Shoals.
  9117 | Lair:4   | timbw: can elyvilon do anything useful?
  9170 | Lair:4   | 4thArraOfDagon: he can umm
  9170 | Lair:4   | timbw: I know they changed him a bit
  9170 | Lair:4   | 4thArraOfDagon: protect you from evil
  9170 | Lair:4   | timbw: purification
  9170 | Lair:4   | timbw: what does it remove
  9170 | Lair:4   | 4thArraOfDagon: putri is still bad
  9170 | Lair:4   | timbw: uhm
  9170 | Lair:4   | 4thArraOfDagon: its ok for confuse check
  9170 | Lair:4   | timbw: question
  9170 | Lair:4   | timbw: can you actually use it
  9170 | Lair:4   | timbw: while you are confused
  9170 | Lair:4   | 4thArraOfDagon: but you would get chain confuse anyway
  9170 | Lair:4   | timbw: but you cant use invo while you are confused right?
  9170 | Lair:4   | timbw: so it doesnt work or what
  9170 | Lair:4   | 4thArraOfDagon: and you see tons of cure pots anyway so whats the point
  9170 | Lair:4   | timbw: does it even work
  9170 | Lair:4   | 4thArraOfDagon: it works
  9170 | Lair:4   | 4thArraOfDagon: i've checked
  9170 | Lair:4   | timbw: k xd
  9210 | Lair:5   | timbw: so he kind of sucks
  9263 | Lair:5   | timbw: the healing is bad, but nots not good either
  9297 | Lair:6   | Entered Level 6 of the Lair of Beasts
  9311 | Lair:6   | timbw: a heal wounds can replace him pretty much
  9312 | Lair:6   | 4thArraOfDagon: ye
  9382 | Lair:6   | Reached skill level 5 in Earth Magic
  9695 | Lair:6   | 4thArraOfDagon: he is still better than zin
  9700 | Lair:6   | timbw: lol
  9700 | Lair:6   | timbw: nah man
  9700 | Lair:6   | 4thArraOfDagon: doesnt prhibits statue form ^^
  9700 | Lair:6   | timbw: oh right
  9700 | Lair:6   | 4thArraOfDagon: s=/
  9728 | Lair:6   | timbw: yeah zin doesnt allow transmutations that right
  9743 | Lair:6   | timbw: he is better, thats just hilarious
  9870 | Lair:6   | timbw: its such a shame zin doesnt allow it, it would make him a good god
  9870 | Lair:6   | 4thArraOfDagon: yeah same case with yred
  9870 | Lair:6   | timbw: transmutations is the one thing that benefits from stats
 10034 | Lair:6   | plz let it be good
 10036 | Lair:6   | Got a crude hat
 10068 | Lair:6   | Identified the +1 hat "Dune Ysm" {-Cast Int+10} (You found it on level 6 of the Lair of Beasts)
 10068 | Lair:6   | 4thArraOfDagon: rofl
 10068 | Lair:6   | tigertrap: lol
 10068 | Lair:6   | 4thArraOfDagon: it requires sacrifice
 10068 | Lair:6   | timbw: cruel world
 10093 | Lair:6   | timbw: no risk of becomming brain dead
 10141 | Lair:6   | Reached skill level 5 in Transmutations
 10159 | Lair:6   | Found a staircase to the Slime Pits.
 10168 | Lair:6   | Reached skill level 5 in Spellcasting
 10203 | Lair:6   | timbw: I have still not gotten use to these new big stats items
 10216 | Lair:6   | timbw: like +10 and shit
 10220 | Lair:6   | timbw: its so much
 10280 | Lair:6   | 4thArraOfDagon: on a hat
 10280 | Lair:6   | timbw: remember when a item couldnt have more than like +4 stats or w/e
 10284 | Lair:6   | Reached ****** piety under Elyvilon
 10301 | Lair:6   | timbw: except for the +6 rings
 10614 | D:11     | Noticed Grum
 10621 | D:11     | Killed Grum
 10621 | D:11     | Reached XP level 15. HP: 122/146 MP: 21/21
 10707 | Elf:1    | Entered Level 1 of the Elven Halls
 11035 | Elf:1    | You fall through a shaft!
 11039 | Elf:2    | Noticed Roxanne
 11150 | Elf:3    | Entered Level 3 of the Elven Halls
 11210 | Elf:3    | Found Ucrixtil's Jewellery Shop.
 11216 | Elf:3    | Bought the ring "Xulimuto" {Wiz rF+} for 748 gold pieces
 11301 | Elf:3    | Noticed a deep elf sorcerer
 11307 | Elf:3    | Killed a deep elf sorcerer
 11313 | Elf:3    | Noticed a deep elf sorcerer
 11317 | Elf:3    | Noticed a deep elf master archer
 11332 | Elf:3    | Killed a deep elf master archer
 11340 | Elf:3    | Killed a deep elf sorcerer
 11370 | Elf:3    | Noticed a deep elf master archer
 11380 | Elf:3    | Killed a deep elf master archer
 11474 | Elf:3    | Noticed a deep elf sorcerer
 11497 | Elf:3    | Killed a deep elf sorcerer
 11643 | Elf:3    | Noticed a deep elf sorcerer
 11652 | Elf:3    | Cast into level 2 of the Abyss (a deep elf sorcerer)
 11652 | Abyss:2  | Found a shadowy altar of Dithmenos.
 11652 | Abyss:2  | Found a corrupted altar of Lugonu.
 11735 | Abyss:2  | Gained mutation: Your body sometimes deteriorates upon taking damage. [a cacodemon]
 11736 | Abyss:2  | Noticed a bone dragon
 11737 | Abyss:2  | Noticed a tentacled starspawn
 11749 | Abyss:2  | Killed a tentacled starspawn
 11951 | Abyss:2  | Reached skill level 10 in Earth Magic
 12312 | Abyss:2  | Reached XP level 16. HP: 156/156 MP: 13/24
 12314 | Elf:3    | Escaped the Abyss
 12337 | Elf:3    | Noticed an Executioner
 12369 | Elf:3    | Noticed a deep elf blademaster
 12382 | Elf:3    | Killed a deep elf blademaster
 12402 | Elf:3    | 4thArraOfDagon: sry
 12509 | Elf:3    | Noticed a deep elf blademaster
 12510 | Elf:3    | Noticed a deep elf blademaster
 12513 | Elf:3    | Killed a deep elf blademaster
 12520 | Elf:3    | Killed a deep elf blademaster
 12694 | Elf:3    | timbw: I really dont like statueform man
 12719 | Elf:3    | timbw: its to fucking good
 12782 | Elf:3    | timbw: it makes all chars so similar
 12827 | Elf:3    | 4thArraOfDagon: yea
 12827 | Elf:3    | 4thArraOfDagon: i know
 12827 | Elf:3    | timbw: you need to find like 3-4 crazy good items in order not to use statue
 12827 | Elf:3    | timbw: its so fucking good
 12827 | Elf:3    | timbw: it just does everything
 12834 | Elf:3    | Learned a level 1 spell: Apportation
 12837 | Elf:3    | Learned a level 2 spell: Blink
 12842 | Elf:3    | Learned a level 4 spell: Passage of Golubria
 12842 | Elf:3    | 4thArraOfDagon: i think they will nerf it terribly in next release
 12865 | Elf:3    | timbw: I dont think they will
 12868 | Elf:3    | timbw: I have complained about it a lot and devs just laugh at me
 12889 | Elf:3    | timbw: saying its fine, totally balanced
 12895 | Elf:3    | Reached skill level 1 in Translocations
 12915 | Elf:3    | Reached XP level 17. HP: 123/163 MP: 26/26
 12930 | Elf:3    | Noticed a deep elf master archer
 12942 | Elf:3    | Killed a deep elf master archer
 13011 | Elf:3    | Noticed a deep elf blademaster
 13016 | Elf:3    | timbw: did you see the recent crawl achivement?
 13023 | Elf:3    | Killed a deep elf blademaster
 13025 | Elf:3    | timbw: the lvl 9 win
 13072 | Elf:3    | Identified the Incunabulum of the Voyage and Darkness
 13102 | Elf:3    | Identified the Compendium of Ignition and the Voyage
 13116 | Elf:3    | Learned a level 8 spell: Controlled Blink
 13116 | Elf:3    | timbw: pedritolo got it
 13117 | Elf:3    | timbw: http://crawl.xtahua.com/crawl/morgue/pedritolo/morgue-pedritolo-20160922-172811.txt
 13117 | Elf:3    | 4thArraOfDagon: yea
 13117 | Elf:3    | 4thArraOfDagon: saw it on main page
 13117 | Elf:3    | 4thArraOfDagon: it deserves so much praise
 13117 | Elf:3    | timbw: yeah its good
 13120 | Elf:3    | Got a sparkling jade amulet
 13121 | Elf:3    | Identified Zump's Volume of Frigorific Transformation
 13149 | Elf:3    | Identified the Papyrus of Floating Contamination
 13171 | Elf:3    | timbw: lots of infinte tele abuse but still
 13186 | Elf:3    | timbw: really rought not being able to kill stuff
 13211 | Elf:3    | timbw: depths and zot must have been such a nightmare
 13230 | Elf:3    | timbw: 45 hp, all those fucking range creatures and you cant kill them
 13247 | Elf:3    | timbw: and all the aoe monsters too
 13250 | Elf:3    | Identified the amulet "Xon Foz" {Inacc *Slow Dex+4 SInv} (You found it on level 3 of the Elven Halls)
 13288 | Elf:2    | Found an ancient bone altar of Kikubaaqudgha.
 13383 | Elf:1    | Reached skill level 16 in Unarmed Combat
 13463 | Elf:1    | 4thArraOfDagon: need haste
 13463 | Elf:1    | 4thArraOfDagon: have to go back
 13504 | Orc:2    | 4thArraOfDagon: brb
 13504 | Orc:2    | 4thArraOfDagon: SY
 13511 | Orc:2    | 4thArraOfDagon: back
 13515 | Orc:2    | Killed tstbtto's ghost
 13516 | Orc:2    | RIP BRUH
 13641 | D:7      | Bought a potion of cure mutation for 275 gold pieces
 13641 | D:7      | Bought a potion of haste for 110 gold pieces
 13641 | D:7      | Bought a potion of curing for 33 gold pieces
 13641 | D:7      | Bought a potion of magic for 88 gold pieces
 13641 | D:7      | Bought a potion of curing for 33 gold pieces
 13691 | D:7      | Bought a scroll of identify for 66 gold pieces
 13691 | D:7      | Bought a potion of haste for 330 gold pieces
 13854 | Shoals:1 | Entered Level 1 of the Shoals
 13878 | Shoals:2 | Found a bloodstained altar of Trog.
 13965 | Shoals:4 | Entered Level 4 of the Shoals
 14009 | Shoals:3 | Reached skill level 10 in Fighting
 14280 | Shoals:4 | Got a barnacled rune of Zot
 14480 | Lair:3   | Found a hole to the Spider Nest.
 14502 | Spider:1 | Entered Level 1 of the Spider Nest
 14640 | Spider:2 | Reached XP level 18. HP: 175/175 MP: 21/27
 14665 | Spider:3 | Gained mutation: Your mind is acute. (Int +2) [potion of beneficial mutation]
 14685 | Spider:4 | Entered Level 4 of the Spider Nest
 14753 | Spider:4 | Reached skill level 5 in Translocations
 15340 | Spider:4 | Got a gossamer rune of Zot
 15460 | Spider:4 | Reached skill level 17 in Unarmed Combat
 15486 | Spider:3 | Noticed Mara
 15495 | Spider:3 | Noticed 4thArraOfDagon's illusion
 15509 | Spider:3 | timbw: xl 18
 15511 | Spider:3 | timbw: troll
 15561 | Spider:2 | timbw: its interesting how good hp is in the earlygame
 15600 | Lair:3   | 4thArraOfDagon: yea
 15600 | Lair:3   | timbw: training lots of figthing or playing a high hp species
 15600 | Lair:3   | timbw: it feels like you have 3-4 xls more than you do
 15600 | Lair:3   | 4thArraOfDagon: well i started with 5 fighting
 15600 | Lair:3   | 4thArraOfDagon: look
 15600 | Lair:3   | timbw: when it comes to speed running
 15600 | Lair:3   | 4thArraOfDagon: yea
 15600 | Lair:3   | 4thArraOfDagon: trolls are good because statue form does not suck
 15600 | Lair:3   | timbw: training fighting is almost a short-cut to being highlevel
 15712 | Slime:1  | Entered Level 1 of the Pits of Slime
 15798 | Slime:4  | 4thArraOfDagon: what now
 15798 | Slime:4  | 4thArraOfDagon: lol
 15837 | Slime:5  | Entered Level 5 of the Pits of Slime
 15838 | Slime:5  | timbw: no mutation, its all good
 15904 | Slime:5  | timbw: wow
 15958 | Slime:5  | timbw: you have no respect for my slime 6 wisdom
 15961 | Slime:5  | timbw: you just go explore
 15964 | Slime:4  | tstbtto: !log
 15970 | Slime:4  | beem: 7548. tstbtto, XL27 MiFi, T:64711: http://crawl.xtahua.com/crawl/morgue/tstbtto/morgue-tstbtto-20160924-173242.txt
 15994 | Slime:5  | timbw: slime 5* w/e
 15994 | Slime:5  | timbw: DO NOT FUCK AROUND
 15994 | Slime:5  | timbw: in slime 5 :D
 15994 | Slime:5  | 4thArraOfDagon: i know
 15994 | Slime:5  | timbw: :>
 16065 | Slime:5  | Noticed the Royal Jelly
 16071 | Slime:5  | Killed the Royal Jelly
 16072 | Slime:5  | 4thArraOfDagon: this is so f-ed up
 16072 | Slime:5  | timbw: anybody that has a 15 rune win in under 60k turns, I cant give constructive advice too
 16072 | Slime:5  | crauler: huh
 16072 | Slime:5  | timbw: you are allowed to fuck around in slime
 16072 | Slime:5  | timbw: wait what the fuck happen
 16072 | Slime:5  | crauler: that's a lot less slimes than i expected to pop
 16072 | Slime:5  | Iwannabefree: whoa, elys buff and statue is preety good for your hp
 16072 | Slime:5  | 4thArraOfDagon: this is new change
 16072 | Slime:5  | timbw: what happen
 16072 | Slime:5  | timbw: how
 16072 | Slime:5  | timbw: how is this happening
 16072 | Slime:5  | 4thArraOfDagon: walls dissapate
 16072 | Slime:5  | timbw: what
 16072 | Slime:5  | 4thArraOfDagon: like nothing
 16072 | Slime:5  | 4thArraOfDagon: its brand new change
 16072 | Slime:5  | timbw: what
 16072 | Slime:5  | 4thArraOfDagon: enjoy new tactics
 16072 | Slime:5  | Was placed under penance by Elyvilon
 16072 | Slime:5  | timbw: what just happen
 16072 | Slime:5  | Gained mutation: You are occasionally teleported next to monsters. [a shining eye]
 16073 | Slime:5  | timbw: how did the walls go bye bye
 16077 | Slime:5  | crauler: since by slime 5 you clearly don't have any way to dig walls
 16102 | Slime:5  | crauler: ely pissed off?
 16147 | Slime:5  | timbw: ely is just like tso
 16150 | Slime:5  | Iwannabefree: illusion got blown up by immo
 16187 | Slime:4  | timbw: no sins allowed
 16223 | Slime:4  | timbw: blink twice in a row without masturbating inbetween, GOD penalty etc
 16272 | Slime:4  | 4thArraOfDagon: hey its best mut ever
 16272 | Slime:4  | 4thArraOfDagon: random tele to monsters!
 16273 | Slime:5  | Gained mutation: Your spells are a little easier to cast, but a little less powerful. [a shining eye]
 16273 | Slime:5  | Gained mutation: You are weak. (Str -2) [a shining eye]
 16275 | Slime:5  | timbw: You are occasionally teleported next to monsters.
 16280 | Slime:4  | timbw: that is a new one
 16323 | Slime:5  | crauler: kind of old by now
 16323 | Slime:5  | timbw: I like it
 16337 | Slime:4  | timbw: it makes a lot more sense as a bad mutation
 16414 | Slime:5  | timbw: I want a clear distinction between good and bad mutations, there is no doubt this is a bad mutation
 16420 | Slime:5  | timbw: it is a good thing imo
 16443 | Slime:4  | Lost mutation: You are weak. (Str -2) [potion of cure mutation]
 16443 | Slime:4  | Lost mutation: Your body sometimes deteriorates upon taking damage. [potion of cure mutation]
 16443 | Slime:4  | Lost mutation: Your mind is acute. (Int +2) [potion of cure mutation]
 16443 | Slime:4  | Lost mutation: You have a pair of small horns on your head. [potion of cure mutation]
 16444 | Slime:4  | Lost mutation: You are occasionally teleported next to monsters. [potion of cure mutation]
 16444 | Slime:4  | Lost mutation: You have a somewhat thin skeletal structure. (Dex +2, Stealth) [potion of cure mutation]
 16444 | Slime:4  | Lost mutation: Your spells are a little easier to cast, but a little less powerful. [potion of cure mutation]
 16444 | Slime:4  | Lost mutation: Your flesh is very cold resistant. (rC++) [potion of cure mutation]
 16444 | Slime:4  | Lost mutation: Your flesh is cold resistant. (rC+) [potion of cure mutation]
 16515 | Slime:5  | Reached XP level 19. HP: 155/184 MP: 25/28
 16696 | Slime:5  | Identified the Almanac of Dusty Stolen Souls
 16782 | Slime:5  | Identified the +2 robe of Gravity {rPois Slay+4} (You found it on level 5 of the Pits of Slime)
 16787 | Slime:5  | Was forgiven by Elyvilon
 16820 | Slime:5  | Gained mutation: Scrolls take you a little longer to read. [a shining eye]
 16821 | Slime:5  | Got a transparent glass ring
 16821 | Slime:5  | Got a slimy rune of Zot
 16859 | Slime:4  | Identified the ring "Nacirram" {rF+ Int+6 Stlth+} (You found it on level 5 of the Pits of Slime)
 16993 | Lair:1   | timbw: 4tharra
 17002 | Lair:1   | timbw: next time
 17003 | Lair:1   | timbw: dont fuck around in slime 5 :>
 17013 | D:9      | timbw: dive for corridor easy slime 5
 17013 | D:9      | timbw: anything else, long and risky slime 5
 17013 | D:9      | 4thArraOfDagon: shut up, next time ill play centaur, should be good ?
 17013 | D:9      | 4thArraOfDagon: ^_^
 17013 | D:9      | timbw: :DDD
 17013 | D:9      | 4thArraOfDagon: ^__________^
 17179 | Vaults:1 | Entered Level 1 of the Vaults
 17245 | Vaults:1 | timbw: you have stupid good centaur, its my job making sure everybody else plays centaur
 17253 | Vaults:1 | timbw: you dont have to
 17451 | Vaults:1 | Found Vutode Largh's Antique Weapon Shop.
 17467 | Vaults:1 | Found Xisiung's Food Shop.
 17495 | Vaults:1 | Iwannabefree: centaur is boring as hell imo
 17498 | Vaults:1 | Reached skill level 5 in Evocations
 17499 | Vaults:1 | Noticed Television's ghost (adept DsMo)
 17565 | Vaults:1 | dafak :D
 17578 | Vaults:1 | 4thArraOfDagon: this ghost
 17578 | Vaults:1 | timbw: I see
 17578 | Vaults:1 | 4thArraOfDagon: is like poltergeist
 17584 | Vaults:1 | timbw: so you think centaur is boring
 17644 | Vaults:1 | timbw: care to share any other feelings regarding centaurs?
 17669 | Vaults:1 | Iwannabefree: yea, it is
 17686 | Vaults:1 | FU
 17693 | Vaults:1 | Iwannabefree: no stats no apts
 17702 | Vaults:1 | timbw: they are boring, what else
 17711 | Vaults:1 | Iwannabefree: only tab
 17712 | Vaults:1 | timbw: no stats no apts
 17713 | Vaults:1 | timbw: yes
 17758 | Vaults:1 | Killed Television's ghost
 17799 | Vaults:2 | timbw: all in all centaurs are a worthless species that happen to have good hp and good movement speed
 17845 | Vaults:3 | timbw: centaurs are worthless please dont play one
 17967 | Vaults:4 | Reached skill level 10 in Dodging
 18037 | Vaults:4 | Reached skill level 18 in Unarmed Combat
 18038 | Vaults:4 | Iwannabefree: they are good and easy
 18050 | Vaults:4 | Iwannabefree: but too boring 4 me
 18104 | Vaults:4 | Iwannabefree: i like casting more than tabbing
 18214 | Vaults:4 | Iwannabefree: nagas are more appropriate for my playstyle
 18236 | Vaults:4 | timbw: good and easy huh
 18291 | Vaults:4 | Reached XP level 20. HP: 126/196 MP: 23/29
 18360 | Vaults:4 | timbw: if you say so
 18360 | Vaults:4 | timbw: go ahead play centaurs then
 18365 | Vaults:5 | Entered Level 5 of the Vaults
 18375 | Vaults:5 | Iwannabefree: why should i?
 18509 | Vaults:5 | 4thArraOfDagon: do you think im loco?
 18569 | Vaults:5 | Noticed a golden dragon
 18574 | Vaults:5 | Killed a golden dragon
 18577 | Vaults:5 | Elyvilon protects you from harm!
 18577 | Vaults:5 | HP: 4/254 [fire giant/great sword of flaming (15)]
 18577 | Vaults:5 | Elyvilon protects you from harm!
 18578 | Vaults:5 | Elyvilon protects you from harm!
 18578 | Vaults:5 | Elyvilon protects you from harm!
 18579 | Vaults:5 | Elyvilon protects you from harm!
 18584 | Vaults:5 | HP: 1/254 [yaktaur/bolt[a vault warden] (20)]
 18672 | Vaults:5 | 4thArraOfDagon: brb
 18772 | Vaults:5 | Got a scorched copper amulet
 18826 | Vaults:5 | Reached skill level 19 in Unarmed Combat
 18937 | Vaults:5 | Reached skill level 10 in Translocations
 19278 | Vaults:5 | Identified the amulet of Horolaah {Faith Stlth+} (You took it off an ironbrand convoker on level 5 of the Vaults)
 19290 | Vaults:5 | Reached XP level 21. HP: 202/202 MP: 29/31
 19451 | Vaults:5 | Noticed an ancient lich
 19458 | Vaults:5 | Killed an ancient lich
 19461 | Vaults:5 | Got a silver rune of Zot
 19641 | Vaults:5 | Got a fine shield
 19721 | Vaults:5 | Got a scintillating bronze ring
 19722 | Vaults:5 | 4thArraOfDagon: bugs
 19733 | Vaults:5 | Identified the ring "Xygut" {Str+2 Stlth+} (You took it off a deep elf mage on level 5 of the Vaults)
 19740 | Vaults:5 | Identified the -3 shield of Entitlement {rC+} (You found it on level 5 of the Vaults)
 19778 | Vaults:4 | Found Imias's Gadget Shoppe.
 19887 | Vaults:3 | Found a staircase to the Crypt.
 19894 | Crypt:1  | Entered Level 1 of the Crypt
 20067 | Crypt:3  | Entered Level 3 of the Crypt
 20107 | Crypt:2  | Reached skill level 20 in Unarmed Combat
 20214 | Crypt:3  | Identified a scroll of acquirement
 20316 | Crypt:3  | Identified the Incunabulum of Sinister Rites
 20488 | Crypt:3  | jacquesderrida: Eeeeek
 20528 | Crypt:3  | 4thArraOfDagon: eeeeeeeeek
 20567 | Crypt:3  | Noticed an ancient lich
 20579 | Crypt:3  | Killed an ancient lich
 20579 | Crypt:3  | Reached XP level 22. HP: 164/211 MP: 21/33
 20750 | Crypt:3  | jacquesderrida: !tile jiangshi.png
 20750 | Crypt:3  | jacquesderrida: How do i
 20765 | Crypt:3  | jacquesderrida: I forgot..............
 20792 | Crypt:3  | jacquesderrida: !sprite jiangshi.png
 20844 | Crypt:3  | jacquesderrida: Deng
 20914 | Crypt:3  | Found a staircase to the Tomb.
 20929 | Tomb:1   | Entered Level 1 of the Tomb of the Ancients
 21113 | Tomb:1   | Noticed a greater mummy
 21131 | Tomb:1   | Killed a greater mummy
 21443 | Tomb:1   | Noticed a greater mummy
 21448 | Tomb:1   | Killed a greater mummy
 21641 | Tomb:2   | Noticed a greater mummy
 21642 | Tomb:2   | Noticed a greater mummy
 21643 | Tomb:2   | Noticed a greater mummy
 21643 | Tomb:2   | Noticed a greater mummy
 21715 | Tomb:2   | Killed a greater mummy
 21718 | Tomb:2   | 4thArraOfDagon: max hp estimation
 21718 | Tomb:2   | 4thArraOfDagon: w00t
 21720 | Tomb:2   | jacquesderrida: Yes
 21725 | Tomb:2   | jacquesderrida: It's going though
 21757 | Tomb:2   | Reached skill level 21 in Unarmed Combat
 21863 | Tomb:3   | Entered Level 3 of the Tomb of the Ancients
 21985 | Tomb:3   | Noticed a greater mummy
 22073 | Tomb:2   | timbw: uhm
 22074 | Tomb:2   | timbw: ok
 22080 | Tomb:3   | timbw: shadow fiend bye bye
 22085 | Tomb:2   | timbw: hello tzitzimitl
 22122 | Tomb:2   | jacquesderrida: !pull jiangshi.png
 22126 | Tomb:2   | jacquesderrida: GIVE
 22130 | Tomb:2   | jacquesderrida: PLEASE
 22142 | Tomb:2   | Killed a greater mummy
 22219 | Tomb:2   | jacquesderrida: deng
 22304 | Tomb:3   | pedritolo: anoying beetles
 22339 | Tomb:3   | pedritolo: If only there was a god who could kill'em all with one ability use and sinergised well with statue form
 22379 | Tomb:2   | timbw: lol
 22387 | Tomb:3   | Reached XP level 23. HP: 208/219 MP: 30/35
 22396 | Tomb:3   | Iwannabefree: chei?
 22399 | Tomb:3   | timbw: if only statue form wasnt a thing
 22418 | Tomb:3   | pedritolo: what's wrong with it?
 22423 | Tomb:3   | jacquesderrida: DENSE
 22435 | Tomb:2   | timbw: there is very little wrong with it
 22494 | Tomb:3   | Noticed a greater mummy
 22507 | Tomb:3   | Killed a greater mummy
 22509 | Tomb:3   | pedritolo: then it's good, yes?
 22517 | Tomb:3   | timbw: its to good
 22520 | Tomb:3   | timbw: thats the problem
 22522 | Tomb:3   | timbw: it does everything
 22537 | Tomb:3   | timbw: at the most important stages of the game
 22541 | Tomb:3   | timbw: statue form has the solution
 22545 | Tomb:3   | pedritolo: sounds good to me :)
 22598 | Tomb:3   | timbw: its totally broken
 22628 | Tomb:3   | pedritolo: are you sure you're not trying to sell me statue form? because I'll totally buy it
 22628 | Tomb:3   | Got a shimmering marble ring
 22630 | Tomb:3   | Identified the ring "Benup" {Ice MR- Int+3} (You found it on level 3 of the Tomb of the Ancients)
 22648 | Tomb:3   | Noticed a greater mummy
 22662 | Tomb:3   | Killed a greater mummy
 22697 | Tomb:3   | Noticed an ancient lich
 22705 | Tomb:3   | Killed an ancient lich
 22707 | Tomb:3   | timbw: im pretty sure I would be rich by this point
 22712 | Tomb:3   | timbw: if I could sell it
 22753 | Tomb:3   | pedritolo: I get it, you feel it's overpowered, therefore people should be deprived of the joy of casting it :)
 22806 | Tomb:3   | Noticed Khufu
 22808 | Tomb:3   | timbw: thats one way of looking at it
 22841 | Tomb:3   | uhh
 22846 | Tomb:3   | Killed Khufu
 22876 | Tomb:3   | Noticed a greater mummy
 22896 | Tomb:3   | Noticed Jory
 22898 | Tomb:3   | timbw: I dont have problem with good scores, or good players
 22906 | Tomb:3   | Killed Jory
 22907 | Tomb:3   | pedritolo: Well you are an experienced player, so you see it as overpowered. But a mid-level gamer will like a tool that will give him that very 1st win
 22917 | Tomb:3   | Killed a greater mummy
 22917 | Tomb:3   | Reached skill level 10 in Spellcasting
 22941 | Tomb:3   | Noticed Jorgrun
 22958 | Tomb:3   | Killed Jorgrun
 22984 | Tomb:3   | Turgon: What is overpowered?
 23000 | Tomb:3   | Noticed a greater mummy
 23009 | Tomb:3   | Killed a greater mummy
 23011 | Tomb:3   | jacquesderrida: Ashenzari
 23062 | Tomb:3   | Turgon: But I started playing 0.17 again because of severe Ash nerf in 0.18
 23064 | Tomb:3   | Noticed a greater mummy
 23080 | Tomb:3   | Killed a greater mummy
 23106 | Tomb:3   | Turgon: And even in 0.17 Ash is tricky to start for a speedrun
 23110 | Tomb:3   | timbw: +30% hp, double damage, rn, partial torment resist, relec, ac, plate armor gdr
 23110 | Tomb:3   | pedritolo: jacq's pulling your chain. We were discussing statue form
 23187 | Tomb:3   | timbw: all for one cheap spell
 23192 | Tomb:3   | Noticed a greater mummy
 23195 | Tomb:3   | timbw: its not even a lvl 9 spell
 23200 | Tomb:3   | pedritolo: intrinsic slow, no armour
 23205 | Tomb:3   | jacquesderrida: Yes
 23221 | Tomb:3   | Killed a greater mummy
 23227 | Tomb:3   | timbw: no armour? what are you talking about
 23241 | Tomb:3   | Iwannabefree: statue form gives you slow and melds armour
 23246 | Tomb:3   | timbw: it puts you in plate armor with no - cast
 23251 | Tomb:3   | jacquesderrida: The latest research showed that in 73% of cases playing is actually bad
 23252 | Tomb:3   | timbw: it melds armor
 23260 | Tomb:3   | timbw: but it doesnt prohibit casting
 23261 | Tomb:3   | pedritolo: i mean the +resists and stuff you get from armour
 23279 | Tomb:3   | Noticed a greater mummy
 23300 | Tomb:3   | timbw: but you get all the vital resistances from it
 23302 | Tomb:3   | Killed a greater mummy
 23323 | Tomb:3   | pedritolo: I'd definitely agree with making it higher level
 23331 | Tomb:3   | timbw: look
 23333 | Tomb:3   | Reached skill level 15 in Translocations
 23336 | Tomb:3   | Turgon: Well, statue form is best when you don't lose too many slots (Tr, Op)
 23345 | Tomb:3   | timbw: you miight miss out on rf+ and rc+
 23355 | Tomb:3   | timbw: those reduce damage by 25%
 23378 | Tomb:3   | timbw: statue gives you 30% extra life
 23383 | Tomb:3   | pedritolo: 50%
 23383 | Tomb:3   | Iwannabefree: you can wear gda on troll easily
 23400 | Tomb:3   | Iwannabefree: melding it is rather bad
 23410 | Tomb:3   | timbw: 50%?
 23428 | Tomb:3   | Iwannabefree: and ac from statue is not that high
 23429 | Tomb:3   | Got a golden rune of Zot
 23441 | Tomb:3   | pedritolo: isn't it, 50% for 1 + resist?
 23441 | Tomb:3   | timbw: does one rank rf+ reduce damage by 50%?
 23463 | Tomb:3   | pedritolo: lemme check
 23467 | Tomb:3   | jacquesderrida: yes
 23472 | Tomb:2   | timbw: ok
 23472 | Tomb:2   | jacquesderrida: 50, 66, 75
 23482 | Tomb:2   | timbw: sorry, you are right then
 23498 | Tomb:1   | timbw: its only half a resistance
 23501 | Tomb:1   | timbw: to everything
 23502 | Tomb:1   | Noticed a greater mummy
 23506 | Tomb:1   | jacquesderrida: or 80 something for the third level
 23514 | Crypt:3  | jacquesderrida: Probably 75
 23542 | Crypt:2  | Noticed Boris
 23548 | Crypt:2  | timbw: resistances tend to come from jewellery though
 23552 | Crypt:2  | Killed Boris
 23559 | Crypt:2  | timbw: which is not a problem for statueform
 23572 | Crypt:2  | pedritolo: they do they do
 23595 | Crypt:1  | timbw: and it does freaking everything
 23671 | Crypt:1  | pedritolo: pity the ppr felid:)
 23705 | Vaults:3 | timbw: lets put it this way then
 23705 | Vaults:3 | pedritolo: *poor
 23708 | Vaults:3 | timbw: I name one thing thats very very good, name a thing thats on par or better
 23710 | Vaults:3 | jacquesderrida: fr: different types of statues
 23710 | Vaults:3 | timbw: I say statue form
 23747 | Vaults:3 | pedritolo: haste
 23783 | Vaults:2 | jacquesderrida: OKAWARU
 23809 | Vaults:2 | timbw: I agree, haste is similary broken
 23827 | Vaults:2 | pedritolo: nah it's fine :)
 23831 | Vaults:2 | timbw: but it doesnt limit playstyle as much
 23847 | Vaults:2 | jacquesderrida: Haste gotta go
 23852 | Vaults:2 | timbw: statueform is fairly exclusive to melee
 23862 | Vaults:2 | jacquesderrida: imo smh fam tbqf
 23897 | Vaults:2 | jacquesderrida: Indeed
 23905 | Vaults:2 | timbw: but ye
 23935 | Vaults:2 | timbw: haste is to good
 23951 | Vaults:1 | timbw: it should be limited to consumables, having it as a lvl 6 spell is pretty broken
 23967 | D:13     | pedritolo: make it one level higher also, and I'll be ok with that either
 23967 | D:13     | jacquesderrida: >>>>>>>>>>>>6th level
 23981 | D:14     | jacquesderrida: Beware the hunger cost.....
 24030 | D:15     | timbw: but I would still say statue is far better than haste though
 24042 | D:15     | Reached XP level 24. HP: 228/228 MP: 31/36
 24043 | D:15     | timbw: its in the resistances
 24045 | D:15     | jacquesderrida: The problem is not with its required experience cost
 24053 | D:15     | jacquesderrida: But infinite nature
 24057 | D:15     | Found a staircase to the Depths.
 24062 | D:15     | timbw: statue gives you a free ride through lair runes
 24065 | Depths:1 | Entered Level 1 of the Depths
 24066 | Depths:1 | timbw: haste doesnt
 24077 | Depths:1 | jacquesderrida: It's simply too powerful to be infinite
 24080 | Depths:1 | timbw: it helps, but its not 3 free runes
 24103 | Depths:1 | Found Qigako's Jewellery Boutique.
 24159 | Depths:1 | timbw: rpois and relec is a big deal
 24171 | Depths:1 | Found Itrutoba's General Store.
 24237 | Depths:2 | jacquesderrida: INSULATION (level 3 air\charms)
 24254 | Depths:2 | timbw: the added bonus of partial rtorment for extended is really overkill
 24274 | Depths:2 | Found a gateway to a ziggurat.
 24278 | Depths:2 | timbw: not to mention the added hp and added damage
 24302 | Depths:2 | timbw: gdr and whatnot
 24310 | Depths:2 | timbw: it just does everything
 24313 | Depths:2 | jacquesderrida: Make it immobile ;^)
 24333 | Zig:1    | Entered Level 1 of a ziggurat
 24346 | Zig:2    | Entered Level 2 of a ziggurat
 24347 | Zig:2    | timbw: statueform ought to be a lvl 9 spell
 24349 | Zig:2    | Noticed Zyoxzes the pandemonium lord
 24355 | Zig:2    | jacquesderrida: heh
 24361 | Zig:2    | Killed Zyoxzes the pandemonium lord
 24368 | Zig:2    | timbw: its already more powerful then firestorm or glaciate
 24379 | Zig:3    | Entered Level 3 of a ziggurat
 24382 | Zig:3    | pedritolo: i'd go as far as 8, on par with lichform
 24413 | Zig:3    | timbw: I disagree lichform is worse
 24421 | Zig:4    | Entered Level 4 of a ziggurat
 24445 | Zig:4    | timbw: its vurnable to dispel undead and it doesnt boost your damage
 24460 | Zig:4    | timbw: or your lifetotal
 24460 | Zig:4    | pedritolo: if you're a caster you'd take lichform if the cost between both was the same
 24463 | Zig:4    | Identified the amulet of Xom's Fair Game {Faith rElec rN+} (You found it on level 4 of a ziggurat)
 24469 | Zig:4    | Identified Nubatsai's Tome of the Volcanoes and the Mountains
 24471 | Zig:5    | Entered Level 5 of a ziggurat
 24475 | Zig:5    | pedritolo: I know i would
 24483 | Zig:5    | Noticed a greater mummy
 24489 | Zig:5    | timbw: it depends on the resistances you have access to
 24498 | Zig:5    | Killed a greater mummy
 24506 | Zig:5    | jacquesderrida: wew
 24507 | Zig:5    | pedritolo: don't go dying on us now man
 24509 | Zig:5    | jacquesderrida: Time for cancellation...
 24510 | Zig:5    | jacquesderrida: or not...
 24512 | Zig:5    | timbw: dont worry
 24519 | Zig:5    | timbw: I am the one and only person ever to play crawl
 24521 | Zig:6    | Entered Level 6 of a ziggurat
 24534 | Zig:6    | timbw: that thought statueform was to good
 24583 | Zig:6    | timbw: its not going to be nerfed, pretty much nobody disagrees with me
 24612 | Zig:6    | timbw: enjoy using it
 24643 | Zig:6    | timbw: agrees with me I mean :>
 24658 | Zig:6    | timbw: the devs all thinks its fine
 24699 | Zig:6    | jacquesderrida: Devs are p. bad imo
 24703 | Zig:7    | Entered Level 7 of a ziggurat
 24744 | Zig:7    | pedritolo: Well, people's measure of fun varies. You perhaps enjoy playing a game where everything is balanced. I on the other hand enjoy exploiting game mechanics.
 24782 | Zig:8    | Entered Level 8 of a ziggurat
 24796 | Zig:8    | uhhh
 24799 | Zig:8    | pedritolo: So I do understang your position
 24803 | Zig:8    | pedritolo: *understand
 24821 | Zig:8    | ok...
 24826 | Zig:8    | Got a faintly humming troll leather armour
 24828 | Zig:9    | Entered Level 9 of a ziggurat
 24860 | Zig:9    | timbw: I think it makes some sense to be consistent in these things
 24907 | Zig:9    | timbw: removing ctele and infinte tele
 24908 | Zig:10   | Entered Level 10 of a ziggurat
 24931 | Zig:10   | timbw: and old summons etc
 24996 | Zig:10   | jacquesderrida: The best that's ever happened to this game was the tentaclers' constriction draining 15% hp every turn imo
 25000 | Zig:10   | jacquesderrida: We need it back
 25003 | Zig:10   | jacquesderrida: Preferably this instant...
 25004 | Zig:10   | pedritolo: jac, that actually happpened?
 25009 | Zig:10   | jacquesderrida: Yes, for a brief duration, though
 25011 | Zig:10   | timbw: he is not wrong
 25013 | Zig:10   | jacquesderrida: But maybe it was 10%
 25014 | Zig:10   | Got an ancient golden ring
 25016 | Zig:10   | timbw: it was high
 25060 | Depths:1 | jacquesderrida: They tried to balance constriction in a more 'everyone's equal' manner
 25075 | Depths:1 | epen: but mb it is jakkkk
 25096 | Depths:1 | jacquesderrida: Hence the percentage being drained...
 25136 | Depths:1 | jacquesderrida: Pepeng...
 25144 | Depths:1 | Identified the ring "Ytueck" {Fire rPois MR- Str+6 Stlth+} (You found it on level 10 of a ziggurat)
 25145 | Depths:1 | jacquesderrida: I am sea you
 25157 | Depths:1 | jacquesderrida: It you
 25167 | Depths:1 | epen: wow
 25181 | Depths:2 | jacquesderrida: Indeed
 25186 | Depths:2 | epen: and reni melli too
 25213 | Depths:2 | jacquesderrida: He's half the man he used to be
 25359 | Depths:2 | Identified the +3 troll leather armour of Guczoxta {+Fly rN+ Regen+ rCorr Int-3} (You found it on level 8 of a ziggurat)
 25395 | Depths:3 | Found a gateway to Hell.
 25476 | Depths:3 | arkorax: !beem subscribe
 25476 | Depths:3 | beem: Subscribed. I will now watch all games of user arkorax
 25484 | Depths:3 | Found a one-way gate to the infinite horrors of the Abyss.
 25499 | Depths:3 | ReniFell: after all uve said to me im not the man i used to be
 25507 | Depths:4 | jacquesderrida: A vareity of dead mans
 25559 | Depths:3 | ReniFell: still better than juk
 25584 | Depths:3 | Found a one-way gate leading to the halls of Pandemonium.
 25644 | Pan      | Entered Pandemonium
 25658 | Pan      | jacquesderrida: Still as bitter and sad as usual, henireni, my archnemesis
 25666 | Pan      | Gained mutation: Armour fits poorly on your strangely shaped body. [a cacodemon]
 25690 | Pan      | jacquesderrida: Half the man I used to beat...
 25836 | Depths:3 | Escaped Pandemonium
 25838 | Pan      | Entered Pandemonium
 25928 | Pan      | Turgon: ?? soul eater
 25929 | Pan      | HP: 13/296 [something (9)]
 25954 | Pan      | Turgon: ?? souleater
 25954 | Pan      | Noticed Rufare the pandemonium lord
 25959 | Pan      | Gained mutation: Your body sometimes deteriorates upon taking damage. [a neqoxec]
 25961 | Pan      | ElanMorin: @??soul eater
 25965 | Pan      | Turgon: I think is drinking a cup of coffee
 25969 | Pan      | timbw: elvy really deserves some lategame passive
 25970 | Pan      | Turgon: beem*
 25980 | Pan      | jacquesderrida: No
 25983 | Pan      | timbw: he is just so useless
 25988 | Pan      | jacquesderrida: @?soul eater
 25998 | Pan      | jacquesderrida: BEEN
 26006 | Pan      | jacquesderrida: !beem
 26006 | Pan      | beem: I'm a bot that sends commands to the DCSS IRC knowledge bots. For details, see https://github.com/gammafunk/beem/blob/master/docs/commands.md and to have me watch your games on this server, type: !beem subscribe
 26010 | Pan      | Gained mutation: Scrolls take you longer to read. [a cacodemon]
 26013 | Pan      | Reached XP level 25. HP: 140/236 MP: 34/37
 26023 | Pan      | jacquesderrida: ??beem
 26039 | Pan      | Kenran: !lg
 26054 | Pan      | ReniFell: ??hui
 26097 | Pan      | jacquesderrida: !echo I'm busy!
 26109 | Pan      | jacquesderrida: wow...
 26115 | Pan      | jacquesderrida: The nerve
 26116 | Pan      | Turgon: ?? will gloorx kill 4thArra
 26129 | Pan      | timbw: the biggest problem for the good gods in extended
 26142 | Pan      | ReniFell: ??
 26142 | Pan      | timbw: is the lack of regen
 26164 | Pan      | Found an exit through the horrors of the Abyss.
 26166 | Pan      | ReniFell: what bout tso
 26178 | Pan      | Turgon: well, TSO makes up for this with HP on kill
 26179 | Pan      | timbw: tso avoids it by giving hp on kill
 26196 | Pan      | Turgon: :-)
 26202 | Pan      | timbw: zin kind of makes up for it in hell
 26204 | Pan      | timbw: but still
 26206 | Pan      | jacquesderrida: wew
 26210 | Pan      | timbw: elvy is just there
 26211 | Pan      | timbw: being useless
 26223 | Pan      | Kenran: was ely nerfed in trunk?
 26241 | Pan      | Iwannabefree: ely was always like this
 26251 | Pan      | jacquesderrida: She's been irrelevant for the past 3-4 years
 26276 | Pan      | timbw: what jd said
 26319 | Pan      | Kenran: I remember reading some sort of tier list where all 3 good gods together with makh were said to be 'top tier'
 26323 | Pan      | jacquesderrida: Nobody even remembers the poor gal!
 26327 | Pan      | Kenran: but yeah, tier lists...
 26340 | Pan      | Iwannabefree: just give him some buffs pls
 26355 | Pan      | pedritolo: What? She's a She?
 26395 | Pan      | Kenran: undefined
 26413 | Pan      | Iwannabefree: ??elyvilon
 26421 | Pan      | Kenran: as all others except for mayhbe lugonu
 26426 | Pan      | ReniFell: bem is ded
 26445 | Pan      | pedritolo: All gods are female?
 26458 | Pan      | ReniFell: Kenran: undefined
 26460 | Pan      | Iwannabefree: only best ones
 26468 | Pan      | timbw: some gods are male
 26473 | Pan      | timbw: im pretty sure
 26473 | Pan      | jacquesderrida: She is she on the basis of the presumed grammatical gender
 26477 | Pan      | pedritolo: I suddenly like this game a lot more
 26487 | Pan      | Got a demonic rune of Zot
 26488 | Pan      | Found a runed door.
 26516 | Pan      | timbw: sif is gammafunks girlfriend
 26521 | Pan      | jacquesderrida: Like lugonu, sif muna and others
 26521 | Pan      | timbw: probablty female
 26531 | Pan      | Entered the realm of Lom Lobon.
 26531 | Pan      | Noticed Lom Lobon
 26531 | Pan      | jacquesderrida: Yes
 26532 | Pan      | timbw: but nobody has ever had a good look
 26533 | Pan      | pedritolo: Well it's about time someone did
 26539 | Pan      | jacquesderrida: waw
 26540 | Pan      | timbw: only centaurs and nagas wear skirts
 26541 | Pan      | Got a magical rune of Zot
 26541 | Pan      | Engulfed by Lom Lobon's freezing vapour

Vault maps used:
D:1:      tarquinn_simple_flora_water_f
D:2:      first_bread, grunt_ministairs_10
D:4:      serial_bayou_pond_e, tgw_kikubaaqudgha
D:5:      serial_shops, nicolae_shop_behind_doors, abandoned_shop,
          lightli_corner_chamber, uniq_crazy_yiuf_cottage
D:6:      hangedman_decor_opposing
D:7:      serial_shops, kennysheep_mini, shop_fountains, shop_statue,
          nicolae_shop_stone, nicolae_shop_overgrown_old_shop
D:8:      cheibrodos_shockbox
D:9:      due_lair_maze_entry_diamond, serial_corexii_hall,
          corexii_hall_statues_x, corexii_hall_statues_i,
          corexii_hall_statues_s, corexii_hall_statues_x
D:10:     nicolae_lava_and_water, hangedman_fish_farm, lemuel_flamethrower_2,
          uniq_erica, uniq_fannar
D:11:     orc_0_dummy, basic_altar, kennysheep_just_a_vault, uniq_grum
D:12:     minmay_twisted_water, uniq_erolcha
D:13:     david_vaults_5, serial_shops, shop, enter_bailey_3
D:14:     grunt_dithmenos_shadows
D:15:     grunt_enter_depths_magical_seal, portal_ice_cave_demonic_guard,
          nicolae_gozag_seed_capital, serial_ice, serial_ice_a, serial_ice_l,
          serial_ice_b, serial_ice_g
Temple:   kilobyte_greek_temple
Lair:2:   enter_volcano_2, grunt_megastairs_2, infiniplex_staircase_pool
Lair:3:   spider_nest_entry_funnel_web, lemuel_fruit_tree, uniq_gastronok
Lair:4:   minmay_shoals_entry_centaurs, lab_entry_generic, grunt_megastairs_4,
          serial_bayou_shore_a
Lair:6:   hangedman_lair_caniforms_friends, hangedman_lair_in_review,
          nicolae_slime_entry_slimehenge
Shoals:1: serial_shops, shop
Shoals:2: lemuel_oklob_altar, uniq_aizul
Shoals:4: shoals_end_hangedman, shoals_ilsuiw_alternative,
          nicolae_shoals_circle_sea_wall, nicolae_shoals_arrival_archipelago
Spider:3: spider_trap, uniq_mara
Spider:4: grunt_spider_rune_parallel
Slime:4:  cheibrodos_slime_lost_civilization_4
Orc:1:    basic_altar, serial_shops, nicolae_shop_window_shopping
Orc:2:    st_orc_congregation
Elf:1:    eino_elf_arrival_customs, hangedman_elf_represent,
          hangedman_elven_pyramids, uniq_frances
Elf:2:    basic_altar, basic_stair_grate_trap, uniq_roxanne
Elf:3:    nooodl_elf_gasket, serial_shops, nicolae_shop_stone
Vaults:1: vaults_room_stairs_pillars, v_alt_pattern_4,
          nicolae_vaults_stairing_the_circle, nicolae_vaults_shelves_hall,
          nicolae_vaults_little_squares_2, v_misc_29, nicolae_vaults_triangles,
          v_rooms_6, special_room_vaults, vaults_room_hallway,
          hangedman_vaults_restitches, nicolae_vaults_puzzle_piece,
          ontoclasm_vaults_ring_small, serial_shops, shop, shop, shop
Vaults:2: hangedman_vaults_pinch, nicolae_vaults_little_squares_5,
          nicolae_vaults_circle_grid_b, v_misc_28, hangedman_vaults_slice,
          v_misc_30, nicolae_vaults_what_the_h, grunt_vaults_bifocal,
          hangedman_vaults_stream, nicolae_vaults_back_hallway,
          ontoclasm_vaults_ring_large, v_misc_24
Vaults:3: v_misc_12, v_misc_15, nicolae_vaults_border_crossing,
          nicolae_vaults_network_quinsquares, nicolae_vaults_big_ls,
          minmay_crypt_entry_simple_sparse
Vaults:4: hangedman_vaults_unwind, hangedman_vaults_hat, v_misc_1, v_rooms_3,
          v_misc_8, v_misc_8, v_misc_27, ontoclasm_vaults_fault,
          vaults_mumra_minichess, ontoclasm_vaults_idyll, serial_shops, shop
Crypt:1:  minmay_skeleton_keep
Crypt:2:  uniq_boris
Crypt:3:  due_elkab, tomb_entry_forgotten_bobbens
Tomb:3:   uniq_khufu, uniq_jory, uniq_jorgrun
Depths:1: serial_shops, kennysheep_little_box, shop,
          nicolae_shop_window_shopping,
          nicolae_shop_temple_entry_statues_fountains, shop_coins,
          nicolae_water_bricks, grunt_hell_entry_dis_mu, minmay_hedge_maze,
          minmay_multi_spiral
Depths:2: minmay_connected_boxes_in_corner, ziggurat_fallback, minivault_14,
          abyss_entry, mu_enter_wizlab_1, hell_entry
Depths:3: regret_index_dithmenos_brocken_genspenst, rand_demon_pan_entry_1,
          small_statue_intersection, serial_shops, shop_fountains, abyss_entry,
          hell_entry, kennysheep_windowed_goal, uniq_nikola, uniq_boris
Depths:4: minmay_central_circle, minmay_room_of_horrors, hell_entry,
          nicolae_trove_entry_crystal, uniq_frederick
Pan:      grunt_pan_frozen_over, pan_blood_fountain_2,
          evilmike_mini_pan_possible_glass, evilmike_mini_pan_branches,
          nicolae_pan_mnolegish_4, regret_index_pan_draining_boxed,
          grunt_pan_in_and_out, pan_blood_fountain, nicolae_pan_lom_lobonic_4,
          lom_lobon_st
Zig:7:    ziggurat_pillar_centre_dead_trees
Zig:10:   ziggurat_pillar_centre_oklobs
Lab:      labyrinth_watery, nicolae_lab_starburst
Bailey:   bailey_axe_3, bailey
IceCv:    ice_cave_small_dragons
Volcano:  volcano_grotto

Skill      XL: |  1  2  3  4  5  6  7  8  9 10 11 12 13 14 15 16 17 18 19 20 21 22 23 24 25 |
---------------+----------------------------------------------------------------------------+-----
Fighting       | 5 7 8 9 10 11 | 11.3
Unarmed Combat | 1 2 3 5 6 7 9 10 12 14 15 16 17 18 19 20 21 | 21.0
Invocations    | 3 5 7 8 10 11 12 13 14 | 14.2
Dodging        | 5 7 8 9 10 | 10.1
Spellcasting   | 4 5 6 7 8 9 10 11 12 | 12.0
Earth Magic    | 2 7 10 11 | 11.8
Transmutations | 2 5 8 9 |  9.7
Translocations | 1 4 6 8 10 11 13 15 17 | 17.9
Evocations     | 4 5 |  5.3
Axes           | |  1.0

Action                   |  1- 3 |  4- 6 |  7- 9 | 10-12 | 13-15 | 16-18 | 19-21 | 22-24 | 25-27 || total
-------------------------+-------+-------+-------+-------+-------+-------+-------+-------+-------++-------
Melee: Hand axe          |    15 |       |       |       |       |       |       |       |       ||    15
       Unarmed           |    39 |    99 |   289 |   581 |  1251 |   811 |   965 |  1143 |   107 ||  5285
       Punch             |     1 |     1 |    13 |    36 |    83 |    53 |    89 |    87 |     7 ||   370
       Headbutt          |       |       |       |       |   164 |   117 |       |       |       ||   281
       Dagger            |       |       |       |       |       |       |       |     3 |       ||     3
Throw: Throwing net      |       |       |     1 |     7 |     2 |     1 |       |       |       ||    11
       Large rock        |       |       |       |       |       |     5 |     1 |     8 |       ||    14
 Cast: Statue Form       |       |       |       |       |     9 |    58 |    58 |    75 |     7 ||   207
       Apportation       |       |       |       |       |       |    29 |    34 |    30 |     3 ||    96
       Passage of Golubr |       |       |       |       |       |       |     4 |    13 |       ||    17
       Blink             |       |       |       |       |       |       |     2 |       |       ||     2
       Controlled Blink  |       |       |       |       |       |       |       |     8 |     2 ||    10
Invok: Lesser Healing    |       |       |     3 |     6 |     4 |     1 |       |     1 |       ||    15
       Greater Healing   |       |       |       |     3 |     8 |       |     6 |     1 |     1 ||    19
       Heal Other        |       |       |       |    12 |     9 |     6 |       |    32 |       ||    59
       Divine Protection |       |       |       |     1 |     2 |       |     1 |       |       ||     4
       Purification      |       |       |       |       |       |     1 |       |       |       ||     1
       Divine Vigour     |       |       |       |       |       |     4 |     2 |     1 |       ||     7
 Abil: End Transformatio |       |       |       |       |       |    10 |    11 |    19 |       ||    40
Evoke: Wand              |       |       |       |     4 |    11 |     6 |     2 |    22 |     8 ||    53
       Phial of floods   |       |       |       |       |     1 |       |       |       |     1 ||     2
       Phantom mirror    |       |       |       |       |       |     1 |       |       |       ||     1
       Lamp of fire      |       |       |       |       |       |       |     1 |       |       ||     1
       Fan of gales      |       |       |       |       |       |       |       |     1 |       ||     1
  Use: Potion            |     1 |     1 |       |     6 |    14 |    13 |    10 |    23 |     2 ||    70
       Scroll            |       |     8 |     6 |    10 |    19 |    11 |    14 |    11 |       ||    79
 Stab: Held in net/web   |       |       |       |     1 |     2 |       |       |       |       ||     3
       Confused          |       |       |       |     1 |       |       |       |     3 |       ||     4
       Distracted        |       |       |       |     1 |     2 |       |       |     1 |       ||     4
       Sleeping          |       |       |       |       |     2 |     1 |     2 |     2 |       ||     7
  Eat: Chunk             |     6 |    10 |    13 |    50 |    72 |    62 |    68 |    50 |     3 ||   334
       Beef jerky        |       |       |       |       |       |     2 |     2 |       |       ||     4
       Royal jelly       |       |       |       |       |       |     7 |     4 |     6 |     1 ||    18
       Bread ration      |       |       |       |       |       |       |       |    16 |       ||    16
Armor: Robe              |    33 |    30 |   139 |   135 |   200 |    24 |    14 |    21 |     3 ||   599
       Skin              |       |     9 |       |    16 |    46 |   558 |   604 |  1325 |    65 ||  2623
Dodge: Dodged            |    34 |    41 |   145 |   208 |   585 |   978 |   625 |  1251 |    58 ||  3925
Block: Other             |       |       |       |    61 |   262 |   307 |   164 |       |       ||   794
       Reflection        |       |       |       |     2 |    13 |    15 |    30 |       |       ||    60
